 Dungeon Crawl Stone Soup version 0.14.0-17-gc0b17a5 (webtiles) character file.

3366 Nameless the Nimble (level 9, -3/75 HPs)
             Began as a Grey Draconian Berserker on Apr 18, 2014.
             Was a High Priest of Trog.
             Slain by Prince Ribbit (17 damage)
             ... on Level 7 of the Dungeon.
             The game lasted 00:32:26 (6345 turns).

Nameless the Nimble (Grey Draconian Berserker)      Turns: 6345, Time: 00:32:26

HP  -3/75        AC 14     Str 22      XL: 9   Next: 60%
MP  10/10        EV 14     Int 11      God: Trog [*****.]
Gold 258         SH  0     Dex  7      Spells:  0 memorised,  8 levels left

rFire  . . .     SeeInvis +     x - +6,+7 hand axe of Midnight {vamp, Dex-3}
rCold  . . .     Clarity  +     (armour unavailable)
rNeg   . . .     Conserve +     (no shield)
rPois  +         rCorr    +     (helmet restricted)
rElec  .         rRot     .     y - +1 cloak {rCorr, Cons}
SustAb . .       Spirit   .     (no gloves)
rMut   .         Warding  .     (no boots)
Saprov . . .     Stasis   .     j - amulet of faith
MR     .....                    (no ring)
                                f - ring of see invisible

@: not resistant to hostile enchantments, unstealthy
A: walk through water, unfitting armour, large and strong wings, clarity, clever
1, deterioration 1, poison resistance, unbreathing, AC +12
a: Fly, Burn Spellbooks, Berserk, Trog's Hand, Brothers in Arms, Renounce
Religion


You were on level 7 of the Dungeon.
You worshipped Trog.
Trog was extremely pleased with you.
You were not hungry.

You visited 1 branch of the dungeon, and saw 7 of its levels.

You collected 258 gold pieces.

Inventory:

Hand weapons
 a - a +0,+0 hand axe
 p - a +2,+0 whip of electrocution
 x - the +6,+7 hand axe of Midnight (weapon) {vamp, Dex-3}
   (You found it on level 5 of the Dungeon)

   It inflicts no extra harm, but heals its wielder somewhat when it strikes a
   living foe.
   It affects your dexterity (-3).
Armour
 i - a +2 cloak
 y - a +1 cloak of preservation (worn)
Magical devices
 h - a wand of heal wounds (3)
 o - a wand of fireball (4)
Comestibles
 c - 4 bread rations
 k - 2 meat rations
 m - a lychee
 s - a pear
 w - a choko
 z - 14 sultanas
 A - a chunk of black bear flesh
Scrolls
 b - 2 scrolls of remove curse
 d - 3 scrolls of identify
 e - 4 scrolls of teleportation
 g - a scroll of noise
 n - a scroll of fear
 r - a scroll of fog
 t - a scroll of amnesia
Jewellery
 f - a ring of see invisible (left hand)
 j - an amulet of faith (around neck)
 q - an uncursed amulet of conservation
 u - an uncursed ring of ice
 v - an uncursed amulet of warding
Potions
 l - 2 potions of brilliance


   Skills:
 + Level 5.9 Fighting
 * Level 7.9 Axes
 - Level 2.0 Maces & Flails
 + Level 9.3 Dodging
 + Level 3.0 Stealth
 + Level 1.0 Evocations


You had 8 spell levels left.
You didn't know any spells.

Dungeon Overview and Level Annotations

Branches:
Dungeon (7/15)             Temple (0/1) D:4

Altars:
Elyvilon
Fedhas
Makhleb
Trog

Annotations:
D:7 Prince Ribbit


Innate Abilities, Weirdness & Mutations

You can walk through water.
Your dull iron-grey scales are very hard (AC +12).
Your body does not fit into most forms of armour.
Your cold-blooded metabolism reacts poorly to cold.
You can survive without breathing.
Your wings are large and strong.
You possess an exceptional clarity of mind.
Your mind is acute. (Int +2)
Your body is slowly deteriorating.
Your system is resistant to poisons.


Message History

Prince Ribbit croaks.
Prince Ribbit blinks!
You slash Prince Ribbit!
Prince Ribbit is moderately wounded.
Prince Ribbit hits you!
You hit Prince Ribbit.
You feel better.
Prince Ribbit is moderately wounded.
Prince Ribbit hits you!
You slash Prince Ribbit!
Prince Ribbit is severely wounded.
Prince Ribbit hits you.
Prince Ribbit momentarily phases out as your attack passes through him.
Prince Ribbit is severely wounded.
Prince Ribbit hits you! x2
* * * LOW HITPOINT WARNING * * *
You hit Prince Ribbit.
Your tail-slap passes through Prince Ribbit as he momentarily phases out.
Prince Ribbit is severely wounded.
Prince Ribbit hits you!
You die...

######### ##############
......... ............. . .
......... ...........# #....
.....................# #.....
#.......# #.....# #.....#
#.......# #.....# #.....#
#.......# #@....####.....#
#.......#......'F.............#
#.......#......#..............#
#.####..#......#..............#
#.# ..###### #.####+###.....#
#.# ...#......'.....# #.#
...#......#.....# #.#
..#......#.....# #.# .
..+......#.....#


You could see Prince Ribbit.

Vanquished Creatures
  Pikel (D:6)
  Joseph (D:7)
  A hungry ghost (D:7)
  2 black bears (D:7)
  2 sky beasts
  An ogre (D:4)
  An orc warrior (D:6)
  A centaur (D:6)
  Sigmund (D:5)
  Blork the orc (D:7)
  A giant frog (D:6)
  4 scorpions
  A crimson imp (D:6)
  2 jellies
  3 orc priests
  Crazy Yiuf (D:2)
  3 hounds
  5 orc wizards
  5 worker ants
  A killer bee zombie (D:5)
  3 iguanas
  Ijyb (D:2)
  Jessica (D:2)
  A mummy (D:6)
  12 adders
  2 giant mites
  2 shadow imps (D:7)
  6 worms
  An adder skeleton (D:5)
  A giant eyeball (D:4)
  A giant gecko (D:1)
  An ooze (D:2)
  9 orcs
  A bat skeleton (D:5)
  3 giant cockroaches
  12 goblins
  21 hobgoblins
  7 jackals
  17 kobolds
  7 quokkas
  3 ball pythons
  18 bats
  A giant gecko zombie (D:5)
  7 giant newts
  A goblin skeleton (D:4)
  A goblin zombie (D:5)
  An orc skeleton (D:6)
  9 rats
188 creatures vanquished.

Notes
Turn   | Place    | Note
--------------------------------------------------------------
     0 | D:1      | Nameless, the Draconian Berserker, began the quest for the Orb.
     0 | D:1      | Reached XP level 1. HP: 19/19 MP: 1/1
   211 | D:1      | Reached XP level 2. HP: 26/26 MP: 2/2
   841 | D:1      | Acquired Trog's second power
   850 | D:1      | Reached XP level 3. HP: 22/31 MP: 3/3
  1076 | D:2      | Gained mutation: You have a pair of small horns on your head. [potion of mutation]
  1076 | D:2      | Gained mutation: Your system is resistant to poisons. [potion of mutation]
  1295 | D:2      | Noticed Ijyb
  1320 | D:2      | Killed Ijyb
  1320 | D:2      | Reached XP level 4. HP: 19/40 MP: 4/4
  1580 | D:2      | Found a blossoming altar of Fedhas.
  1581 | D:2      | Noticed Jessica
  1591 | D:2      | Killed Jessica
  1591 | D:2      | Reached skill level 4 in Dodging
  1838 | D:2      | Reached XP level 5. HP: 36/46 MP: 5/5
  1909 | D:2      | Reached skill level 1 in Stealth
  1978 | D:2      | Noticed Crazy Yiuf
  1988 | D:2      | Killed Crazy Yiuf
  2452 | D:3      | Acquired Trog's third power
  3251 | D:4      | Noticed an ogre
  3258 | D:4      | Killed an ogre
  3258 | D:4      | Reached skill level 5 in Dodging
  3258 | D:4      | Reached XP level 6. HP: 40/52 MP: 6/6
  3402 | D:4      | Found a staircase to the Ecumenical Temple.
  3407 | D:4      | Found a burning altar of Makhleb.
  3736 | D:4      | Found a white marble altar of Elyvilon.
  4003 | D:5      | Entered Level 5 of the Dungeon
  4096 | D:5      | Reached skill level 1 in Maces & Flails
  4174 | D:5      | Noticed Sigmund
  4175 | D:5      | Got a steaming hand axe
  4194 | D:5      | Killed Sigmund
  4194 | D:5      | Reached skill level 6 in Dodging
  4194 | D:5      | Your scales start taking on a dull iron-grey colour.
  4194 | D:5      | Gained mutation: You can survive without breathing. [draconian maturity]
  4194 | D:5      | Reached XP level 7. HP: 40/59 MP: 7/7
  4220 | D:5      | Identified the +6,+7 hand axe of Midnight {vamp, Dex-3} (You found it on level 5 of the Dungeon)
  4499 | D:5      | Received a gift from Trog
  4510 | D:5      | Reached skill level 7 in Dodging
  4667 | D:6      | HP: 1/60 [orc warrior/short sword (12)]
  4669 | D:6      | Reached XP level 8. HP: 4/67 MP: 8/8
  5013 | D:6      | Reached skill level 5 in Axes
  5022 | D:6      | Gained mutation: Your body is slowly deteriorating. [mutagenic meat]
  5024 | D:6      | Gained mutation: Your body is deteriorating. [mutagenic meat]
  5026 | D:6      | Gained mutation: You possess an exceptional clarity of mind. [mutagenic meat]
  5243 | D:6      | Noticed Pikel
  5253 | D:6      | Killed Pikel
  5253 | D:6      | Reached skill level 5 in Fighting
  5253 | D:6      | Reached skill level 8 in Dodging
  5464 | D:6      | Gained mutation: Your mind is acute. (Int +2) [potion of mutation]
  5464 | D:6      | Gained mutation: Your vision is a little blurry. [potion of mutation]
  5513 | D:6      | Gained mutation: Your wings are large and strong. [potion of mutation]
  5513 | D:6      | Gained mutation: You have large cloven feet. [potion of mutation]
  5671 | D:6      | Reached XP level 9. HP: 74/74 MP: 9/9
  5843 | D:7      | Noticed Blork the orc
  5853 | D:7      | Killed Blork the orc
  6047 | D:7      | Lost mutation: Your vision is a little blurry. [potion of cure mutation]
  6047 | D:7      | Lost mutation: You have large cloven feet. [potion of cure mutation]
  6047 | D:7      | Lost mutation: Your body is deteriorating. [potion of cure mutation]
  6047 | D:7      | Lost mutation: You have a pair of small horns on your head. [potion of cure mutation]
  6162 | D:7      | Identified a +1 cloak of preservation (You found it on level 7 of the Dungeon)
  6227 | D:7      | Noticed Joseph
  6231 | D:7      | Found a bloodstained altar of Trog.
  6238 | D:7      | Reached skill level 9 in Dodging
  6244 | D:7      | Killed Joseph
  6244 | D:7      | Reached skill level 1 in Evocations
  6340 | D:7      | Noticed Prince Ribbit
  6345 | D:7      | Slain by Prince Ribbit

Action                   |  1- 3 |  4- 6 |  7- 9 || total
-------------------------+-------+-------+-------++-------
Melee: Hand axe          |   133 |   123 |   237 ||   493
       Whip              |       |   133 |       ||   133
Invok: Berserk           |       |     2 |     3 ||     5
       Burn Spellbooks   |       |       |     3 ||     3
Evoke: Wand              |       |       |     3 ||     3
  Use: Potion            |     3 |     3 |     5 ||    11
       Scroll            |       |     2 |    14 ||    16
 Stab: Sleeping          |       |     1 |       ||     1
